[Event "CCT Chessable Masters Playoffs 2025"]
[Site "Online"]
[Date "2025.02.18"]
[Round "51"]
[White "Artemiev, Vladislav"]
[Black "Praggnanandhaa R"]
[Result "1/2-1/2"]
[Annotator "TA"]
[ECO "E32"]
[WhiteElo "2691"]
[BlackElo "2741"]
[PlyCount "113"]
[EventDate "2025.02.13"]
[EventType "k.o."]
[EventCountry "NET"]
[SourceTitle "playchess.com"]
[Source "ChessBase"]
[SourceQuality "1"]
[TimeControl "600"]

1. d4 Nf6 2. c4 e6 3. Nc3 Bb4 4. Qc2 O-O 5. a3 Bxc3+ 6. Qxc3 d6 7. Bg5 Re8 {[%emt 0:00:10] E32: Nimzo-Indian: Classical (4 Qc2): 4...0-0.} 8. e3 h6 9. Bh4 e5 10. Bd3 exd4 $146 (10... e4 11. Bc2 c6 12. Ne2 Nbd7 13. Qd2 Nb6 14. b3 d5 15. c5 Nbd7 16. b4 a5 {½-½ Mkrtchian,L (2468)-Kovanova,B (2408) Nanjing FIDE GP (Women) 2009 (1)}) 11. Qxd4 Nc6 (11... g5 $5 12. Bg3 $8 Nc6 $11) 12. Bxf6 Qxf6 (12... Nxd4 $11 13. Bxd8 Nb3) 13. Qxf6 $14 gxf6 14. Ne2 Ne5 15. Nf4 Be6 16. Rc1 f5 17. Be2 a5 18. O-O a4 19. Nd5 Bxd5 20. cxd5 c5 21. dxc6 bxc6 22. Rfd1 d5 23. Rd2 Rab8 24. f4 Ng4 25. Bxg4 (25. Rxc6 {seems wilder.} Re6 26. Rc7 Rxe3 27. h3) 25... fxg4 26. Rxc6 Rxe3 27. Rxh6 {[%emt 0:00:09][%cal Oh6h4][%mdl 4096] Endgame KRR-KRR. White is a pawn up.} Re4 28. g3 ({Much worse is} 28. Rxd5 Rxb2 29. Rg5+ Kf8 30. Rh8+ (30. Rxg4 $2 Re1#) 30... Ke7 31. Re5+ Rxe5 32. fxe5 Rb3 $11) (28. f5 $14) 28... Re1+ $11 {[%emt 0:00:15] The position is equal.} 29. Kf2 Rb1 30. Rh4 R8xb2 31. Rxg4+ Kf8 32. Rxb2 Rxb2+ {[%emt 0:00:00] KR-KR. White is a pawn up.} 33. Ke3 Rb3+ 34. Kd4 Rxa3 35. Rg5 Ra2 36. Kxd5 Rxh2 37. Ke4 a3 38. Ra5 a2 39. Ra6 Rg2 40. Kf3 Rb2 41. g4 Kg7 42. g5 Rc2 43. Kg4 Rb2 44. Ra7 Rg2+ 45. Kf3 Rb2 46. f5 Kg8 47. Kg4 Rf2 48. f6 Rb2 49. Kf4 Rg2 50. Kf5 Rf2+ 51. Kg4 Rb2 52. Kf4 Rf2+ 53. Kg3 Rc2 54. Kf4 Rb2 55. Kg4 Rf2 56. Kg3 Rb2 57. Kf4 {[%emt 0:00:00] Weighted Error Value: White=0.03 (flawless) /Black=0.03 (flawless)   Mistake:       	White=1     	Black=1      Inaccurate:     	White=1     	Black=1      OK:         	White=28    	Black=18     Best:        	White=1     	Black=3} 1/2-1/2

[Event "CCT Chessable Masters Playoffs 2025"]
[Site "Online"]
[Date "2025.02.18"]
[Round "51"]
[White "Grischuk, Alexander"]
[Black "Duda, Jan-Krzysztof"]
[Result "1/2-1/2"]
[Annotator "TA"]
[ECO "B12"]
[WhiteElo "2687"]
[BlackElo "2739"]
[PlyCount "136"]
[EventDate "2025.02.13"]
[EventType "k.o."]
[EventCountry "NET"]
[SourceTitle "playchess.com"]
[Source "ChessBase"]
[SourceQuality "1"]
[TimeControl "600"]

1. e4 c6 2. d4 d5 3. e5 Bf5 4. h4 h5 5. Bd3 Bxd3 6. Qxd3 {[%emt 0:00:00][%cal Oe5e6] B12: Caro-Kann: Advance Variation.} Qa5+ $1 {[%emt 0:00:01][%mdl 4] [#] is recently more successful than 6...e6.} 7. b4 Qxb4+ $11 8. Nd2 {[%emt 0:00:04][%cal Oe5e6] Black has an edge.} e6 9. Rb1 Qe7 10. c4 Nh6 11. Ne2 Nf5 12. Nf3 dxc4 13. Qxc4 Qc7 $146 ({Better is} 13... Qd7 $15) ({Predecessor:} 13... b5 14. Qc2 Qd7 15. O-O Be7 16. Bg5 Na6 17. Bxe7 Nxe7 18. Ng5 Nc7 19. Rfc1 Ncd5 {½-½ Culum,S (2446)-Burovic,R (2427) Sarajevo Agentlocator rapid 2024 (4)}) 14. Qb3 b5 15. Ng3 g6 16. Bg5 Nd7 17. Nxf5 gxf5 18. Qc2 Qa5+ 19. Bd2 Qa6 20. O-O Be7 (20... Rc8 $11) 21. Bg5 (21. Rfc1 $14) 21... Rc8 22. Rfc1 Ba3 23. Rd1 (23. d5 $5) 23... Qb7 24. Rb3 Be7 25. Bxe7 Kxe7 26. Rc1 c5 27. Qd2 c4 28. Qb4+ Ke8 {[%emt 0:00:02] [#]} 29. Rxc4 Rxc4 30. Qxc4 (30. Qxb5 Qxb5 31. Rxb5 Ra4 $19) 30... bxc4 {[%emt 0:00:09][%csl Oa7,Oc4,Oh5] Black has weak pawns} 31. Rxb7 $14 {[%emt 0:00:01][%mdl 4096] Endgame KRN-KRN} Ke7 32. Rc7 {[%emt 0:00:08] White is much more active.} Rb8 33. Rxc4 Rb1+ 34. Kh2 Rb2 35. Ra4 Rb7 36. Nd2 Nb6 37. Ra5 Rd7 38. Nb3 f4 {[%emt 0:00:01] [#]} (38... Rc7 $16 {might work better.} 39. g3 Nd5) 39. g3 $1 $18 Nd5 40. Nc5 Rc7 41. Kg2 fxg3 42. Kxg3 Kf8 43. a3 (43. Ne4 $16) 43... Kg7 $14 44. Kf3 Kg6 45. Rb5 Rc8 46. a4 Ne7 $1 47. Rb7 Nf5 48. Ke4 {[%emt 0:00:02] Nd3 poses a challenge} Rd8 49. Nd7 (49. Rxa7 Rxd4+ 50. Kf3 Nxh4+ 51. Ke2 Rc4) 49... a5 50. d5 exd5+ 51. Kxd5 Nxh4 52. Ke4 Nf5 $2 (52... Rc8 $1 $11 {and Black is okay.}) 53. Rb6+ $18 Kg5 $2 (53... Kg7 54. Nf6 Nh4 55. Nxh5+ Kh7 56. Nf6+ Kg7) 54. f4+ Kh4 55. Kxf5 Rxd7 {[%emt 0:00:01] KR-KR} 56. Kf6 Kg4 57. f5 {[%emt 0:00:01] aiming for Rd6.} Rd4 58. Kxf7 Kxf5 59. e6 Rxa4 60. Rb5+ $2 (60. e7 {mates} Re4 61. Rf6+ (61. e8=B h4 $11) (61. e8=Q Rxe8 62. Kxe8 h4 $11) 61... Kg4 62. Re6 (62. e8=B Rf4 $15) (62. e8=Q Rxe8 63. Kxe8 h4 $11) 62... Rxe6 63. Kxe6 h4 64. e8=Q (64. e8=R h3 $11) 64... h3 65. Qg6+ Kf4 66. Qf5+ Ke3 67. Qxh3+ (67. Qxa5 Kf4 68. Qf5+ Ke3 69. Qxh3+ Kd4 70. Qh4+ Kd3 71. Kd5 Kd2 72. Qd4+ Ke2) 67... Ke4 68. Qf5+ Ke3 69. Qxa5) 60... Kg4 $11 {[%emt 0:00:02] The position is equal.} 61. Re5 {[%emt 0:00:05] White threatens e7 and mate.} Rb4 62. e7 Rb8 $1 63. e8=Q (63. e8=B Rb7+ 64. Kf6 h4 $14) 63... Rxe8 64. Kxe8 (64. Rxe8 $5 h4 $8 65. Rg8+ Kf3 66. Rf8 $11) 64... h4 65. Rxa5 h3 66. Ra1 h2 67. Rh1 Kg3 68. Rxh2 Kxh2 {[%emt 0:00:00] Black defended with fortune.   Weighted Error Value: White=0.27 (precise) /Black=0.58  Loses game:     	---       	Black=1      Mistake:       	White=3     	Black=4      Inaccurate:     	White=5     	Black=9      OK:         	White=21    	Black=22     Best:        	White=6     	Black=5      Strong:       	---       	Black=2} 1/2-1/2

[Event "CCT Chessable Masters Playoffs 2025"]
[Site "Online"]
[Date "2025.02.19"]
[Round "52"]
[White "Caruana, Fabiano"]
[Black "Esipenko, Andrey"]
[Result "0-1"]
[Annotator "TA"]
[ECO "C43"]
[WhiteElo "2803"]
[BlackElo "2695"]
[PlyCount "136"]
[EventDate "2025.02.13"]
[EventType "k.o."]
[EventCountry "NET"]
[SourceTitle "playchess.com"]
[Source "ChessBase"]
[SourceQuality "1"]
[TimeControl "600"]

1. e4 e5 2. Nf3 Nf6 3. d4 Nxe4 4. Bd3 d5 5. dxe5 Nd7 6. O-O {[%emt 0:00:06] C43: Petroff Defence: 3 d4.} Be7 7. c4 Nb6 $146 (7... c6 8. cxd5 cxd5 9. Bb5 O-O 10. Qxd5 Ndc5 11. Qxd8 Rxd8 12. Be3 Nd3 13. Bd4 Bg4 14. Bxd3 Bxf3 15. Bxe4 Bxe4 {½-½ Ishemguzhin,I (2376)-Shnyrev,V (2331) WS MN/027 email 2007}) 8. cxd5 {[%emt 0:00:32] The position is equal.} Qxd5 9. Qc2 Nc5 10. Bb5+ c6 11. Nc3 Qe6 {[%emt 0:00:02] A sharp opening} 12. Be2 (12. b4 $5 Ncd7 13. Bd3 $11) 12... Qg6 13. Qxg6 hxg6 14. Be3 Bg4 15. b4 Ncd7 16. b5 Bxf3 17. gxf3 Nxe5 18. bxc6 bxc6 {[%emt 0:00:28][%csl Oa2,Of2,Of3,Oh2] White has weak pawns} 19. Rac1 g5 20. f4 Nec4 21. Bxb6 Nxb6 22. Bf3 Rc8 (22... gxf4 $2 23. Bxc6+ Kf8 24. Bxa8 $18) 23. fxg5 Bxg5 24. Rfe1+ Kf8 25. Rcd1 Bf4 26. h3 g6 (26... Rxh3 27. Bg4 Rxc3 (27... Bh2+ 28. Kh1 $16) 28. Bxc8) 27. Kg2 Rc7 28. a4 Bg5 29. a5 Nd7 30. Ne4 Be7 31. Nd6 Rh4 32. Re4 Rxe4 33. Nxe4 Bb4 34. a6 c5 (34... Ne5 $17 {Hoping for ...Nxf3.} 35. Rd8+ Ke7) 35. Nd6 $1 $11 Ne5 (35... Nb8 $5) 36. Nb5 Re7 37. Bb7 c4 38. Nxa7 Bc5 $1 {[%emt 0:00:00] [#]} 39. Rd8+ (39. Nc8 $1 $16 Rc7 40. Nd6 (40. a7 $2 Bxa7 41. Rd8+ Kg7 $19)) 39... Kg7 $1 40. Nb5 Nd3 41. Rc8 Bb6 (41... Bxf2 $11 42. Nc3 (42. Rxc4 Re2 $11) 42... Ba7) 42. Rc6 (42. a7 Bxa7 (42... Rxb7 $2 43. a8=Q $18) 43. Bf3 Bc5 $17 (43... Nxf2 44. Nxa7 Nd3 45. Nb5 $16) (43... Bxf2 44. Rxc4 Bb6 45. Re4 $17)) (42. Rxc4 $16 {Rc6 is the strong threat.} Re2 43. a7 Bxa7 44. Nxa7) 42... Bxf2 43. Rxc4 Re2 44. Re4 (44. Nc3 $11 {keeps the balance.} Rc2 45. Be4 Bb6+ 46. Kf3) 44... Rb2 $17 45. Nc3 Ba7+ 46. Ne2 f5 {[%emt 0:00:03] Black has more active pieces.} (46... Nc5 {simplifies} 47. Re8 Nxb7 48. axb7 Rxb7 49. Re4 Rb2) 47. Re8 Kf7 48. Bc6 {[%emt 0:00:00] [#]} Nb4 (48... Bb6 $1 $17 49. Kf3 Ba7) 49. Bb5 $11 Nd5 50. Bc6 {[%emt 0:00:02][%mdl 8192] White is now going downhill.} (50. Ra8 $11 {and White is okay.} Bc5 51. Bc4) 50... Ne7 $19 51. Kf1 $2 (51. Rxe7+ Kxe7 52. Kf1) 51... Nxc6 52. Rc8 Rb6 53. Rc7+ Kf6 54. Nc3 Rxa6 55. Nd5+ Ke5 56. Ne7 Ra1+ 57. Ke2 Nxe7 58. Rxe7+ {[%emt 0:00:00][%mdl 4096] Endgame KRB-KR} Kf4 59. Rb7 g5 60. Kd3 Kg3 {[%emt 0:00:01][%cal Of5f4] ( -> ...f4!)} 61. Rb4 f4 {[%emt 0:00:01] Black mates.} 62. Rb3 f3 63. Ke4 Re1+ 64. Kf5 Kg2 65. Kg4 f2 66. Rg3+ Kh2 67. Rf3 f1=Q 68. Rxf1 Rxf1 {[%emt 0:00:00] Weighted Error Value: White=0.54/Black=0.20 (precise)   Loses game:     	White=1     	---        Mistake:       	White=4     	Black=3      Inaccurate:     	White=5     	Black=2      OK:         	White=14    	Black=17     Best:        	White=5     	Black=7      Strong:       	White=1     	Black=2} 0-1

[Event "CCT Chessable Masters Playoffs 2025"]
[Site "Online"]
[Date "2025.02.19"]
[Round "52"]
[White "Wei, Yi"]
[Black "Duda, Jan-Krzysztof"]
[Result "1-0"]
[Annotator "TA"]
[ECO "C48"]
[WhiteElo "2755"]
[BlackElo "2739"]
[PlyCount "129"]
[EventDate "2025.02.13"]
[EventType "k.o."]
[EventCountry "NET"]
[SourceTitle "playchess.com"]
[Source "ChessBase"]
[SourceQuality "1"]
[TimeControl "600"]

1. e4 e5 2. Nf3 Nc6 3. Bb5 Nf6 4. d3 Bc5 5. Nc3 d6 6. Bg5 h6 7. Bh4 {[%emt 0:00:01] C48: Four Knights: 4 Bb5, replies other than 4...Bb4.} Bb4 8. h3 $146 ({Predecessor:} 8. a3 Bxc3+ 9. bxc3 a6 10. Bxc6+ bxc6 11. Nd2 Qe7 12. Qe2 Qe6 13. Nc4 Nd7 14. Ne3 Nf8 {½-½ Chigaev,M (2639)-Goryachkina,A (2602) RUS-ch 74th Ufa 2021 (7)}) 8... a6 9. Bxc6+ {[%emt 0:00:45] The position is equal.} bxc6 10. O-O Bxc3 11. bxc3 Qe7 12. Nd2 O-O {[%emt 0:00:15] The position is symmetric and equal} 13. Nc4 Be6 14. Ne3 g5 15. Bg3 Rab8 16. c4 Rb2 17. h4 Rfb8 18. hxg5 hxg5 19. Qe2 c5 20. Rfc1 Qf8 21. Kf1 Qh6 22. Ke1 Nh5 23. Kd2 Nf4 24. Qf3 (24. Rh1 $2 Qxh1 25. Rxh1 Nxe2 26. Kxe2 Bd7 $19 (26... Rxa2 $2 27. Rc1 $19)) 24... Qh5 25. Rh1 (25. Qxh5 $11 Nxh5 26. Rh1) 25... Qxf3 $15 26. gxf3 Kg7 (26... Ng6 $1 $15) 27. Rag1 Ng6 {[%emt 0:00:15] Prevents Bxf4} (27... Rxa2 $6 28. Bxf4 exf4 29. Nd5 $16) 28. Nf5+ (28. a3 $15) 28... Kf6 (28... Bxf5 $142 $1 29. exf5 Ne7) 29. Ne3 $17 Rxa2 30. Rh5 Nf4 (30... Rab2 $1 $17 31. Rxg5 Rb1 (31... Kxg5 32. Bxe5+ Kh6 33. Rh1+ Kg5 34. f4+ Nxf4 35. Rg1+ Kh6 36. Bxf4+ Kh7 37. Rh1+ Kg6 38. Rg1+ Kh7 39. Ra1 $11) 32. Rxb1 Rxb1) 31. Rxg5 $1 $11 Kxg5 32. Bxf4+ Kxf4 33. Rg3 $1 Bg4 $1 34. Rxg4+ Kxf3 {[%emt 0:00:01][%mdl 4096] Endgame KRR-KRN} 35. Rg7 (35. Rg5 $11 {keeps the balance.} Kxf2 36. Ng4+ Kg3 (36... Kf3 37. Nh2+ Kf2 38. Ng4+ Kg1 39. Nxe5+ Kh1 40. Rh5+ Kg1 41. Rg5+ Kf2 42. Rf5+ Kg1 43. Rg5+ $11) 37. Nxe5+ Kf2 38. Rf5+ Kg2 39. Rg5+ Kh1 40. Rh5+ Kg1 41. Rg5+ Kh1) 35... Rf8 $2 {[%emt 0:00:08][%mdl 8192] [#]} (35... Kxf2 $17 {keeps the pressure on. White must now prevent ...Rf8.} 36. Rxf7+ Kg3) 36. Nd1 $1 $18 f5 {[%emt 0:00:30] [#]} 37. Rg3+ $1 Kf4 38. Nc3 fxe4 39. Nxa2 exd3 40. cxd3 {[%emt 0:00:06] KRN-KR} e4 41. Nc3 exd3 42. Kxd3 {[%emt 0:00:03] and Nd5+ would now be decisive} Rh8 (42... c6 $142 43. Ne2+ Ke5 44. Re3+ Kf6) 43. Nd5+ Kf5 44. Rf3+ Ke5 45. Re3+ Kf5 46. Nxc7 a5 (46... Rh1 $142 47. Rf3+ (47. Nxa6 Rd1+ 48. Ke2 Rc1 $18) 47... Ke5 48. Re3+ (48. Nxa6 Rh7 $18) 48... Kf5) 47. Nb5 Rd8 {[%emt 0:00:03] [#]} 48. Re8 $1 Rd7 49. Nc3 {[%emt 0:00:04] Wards off d5} Rb7 50. Ra8 Rb2 51. f3 (51. Rxa5 Rxf2 52. Nb5 Ke5 $18) 51... Rf2 52. Ke3 (52. Rxa5 Rxf3+ 53. Kd2 Ke5 $18) 52... Rc2 (52... Rb2 $142 53. Rxa5 Rb3) 53. Ne4 Ke6 54. Ra6 Rxc4 55. Rxd6+ Ke7 56. Rc6 a4 57. Ra6 ({Resist} 57. Rxc5 Rb4 58. Rc7+ Ke6) ({Inferior is} 57. Nxc5 a3 $11) 57... Kd7 (57... Rb4 $142 58. Ra7+ (58. Nxc5 Rc4 $18) 58... Ke6 59. Nxc5+ Kf5 60. Rxa4 Rb2) 58. f4 {[%emt 0:00:01][%cal Bf3f4,Bf4f5,Bf5f6][%mdl 32] Threatening mate with f5.} Kc7 59. f5 {[%emt 0:00:00] White mates.} Rc1 60. Rxa4 Rf1 61. f6 Kc6 62. Ra5 Re1+ 63. Kf4 Kd7 64. Rxc5 Ke8 65. Kf5 {[%emt 0:00:02] Weighted Error Value: White=0.13 (very precise) /Black=0.51  Loses game:     	---       	Black=2      Mistake:       	White=3     	Black=7      Inaccurate:     	White=3     	Black=5      OK:         	White=19    	Black=15     Best:        	White=5     	Black=2      Strong:       	White=4     	Black=1      Brilliant:      	White=1     	---} 1-0

[Event "CCT Chessable Masters Playoffs 2025"]
[Site "Online"]
[Date "2025.02.19"]
[Round "52"]
[White "Nepomniachtchi, Ian"]
[Black "Artemiev, Vladislav"]
[Result "1-0"]
[Annotator "TA"]
[ECO "C54"]
[WhiteElo "2754"]
[BlackElo "2691"]
[PlyCount "87"]
[EventDate "2025.02.13"]
[EventType "k.o."]
[EventCountry "NET"]
[SourceTitle "playchess.com"]
[Source "ChessBase"]
[SourceQuality "1"]
[TimeControl "600"]

1. e4 e5 2. Nf3 Nc6 3. Bc4 Bc5 4. c3 Nf6 5. d3 O-O 6. O-O d5 7. exd5 Nxd5 8. Re1 Bg4 9. h3 {[%emt 0:00:01] C54: Giuoco Piano: 4 c3 Nf6, main lines with 5 d4 and 5 d3.} Bh5 10. Nbd2 Nb6 11. b4 {[%emt 0:00:01] The position is equal.} Bd6 12. Bb3 Kh8 13. a4 (13. g4 $5 Bg6 $8 14. Ne4 $14) 13... f5 14. a5 Nd7 15. a6 $146 {[%emt 0:00:15][%mdl 2048] White has the initiative.} ({Predecessor:} 15. b5 Ne7 16. Ra4 Nc5 17. Rh4 Nxb3 18. Nxb3 Bxf3 19. Qxf3 Ng6 20. Ra4 Qd7 21. c4 {1-0 Fuchs,J (2321)-Krivec,J (2255) Mitropa Cup (Women) 2016 (2.1)}) 15... Rb8 (15... b5 $11 {keeps the balance.}) 16. axb7 $16 {[%emt 0:00:05][%csl Ob7] White has a strong passed pawn. White plays on the queen side and is better} e4 {[%emt 0:00:01] This move loses the game for Black.} (16... Rxb7 $16 17. Bd5 Ndb8) 17. dxe4 $18 fxe4 18. Nxe4 (18. Rxe4 $6 Nde5 19. Re3 Nxf3+ 20. Nxf3 Ne5) 18... Nce5 19. Bg5 (19. Nxd6 $6 cxd6 20. Qxd6 (20. Rxa7 Bxf3 21. Qxd6 Rf6 $16) 20... Bxf3 $18) 19... Bxf3 $2 (19... Qe8 20. Nxd6 (20. Rxa7 Nxf3+ 21. gxf3 Bxf3 $15) 20... cxd6 21. Nxe5 (21. Qxd6 Bxf3 22. Be7 Rf5 $18) (21. Rxa7 Nxf3+ 22. gxf3 Ne5 $16) (21. Bd5 Bxf3 22. gxf3 Qg6 $18) 21... Bxd1 22. Nf7+ Qxf7 23. Bxf7 Rxf7 24. Raxd1 (24. Rexd1 Rxb7 25. Be3 Nb6 $18) 24... h6) 20. gxf3 Nf6 21. f4 Ng6 22. f5 Ne5 23. f4 Ned7 24. Nxd6 cxd6 25. Qxd6 ({Much less strong is} 25. Rxa7 Qc7 26. Qf3 d5) 25... Rxb7 26. Rad1 {[%emt 0:00:01][%cal Ba1d1,Bd1d3,Bd3e3][%mdl 32] [#]} Qc8 27. Qd4 h6 28. Bh4 Qc6 (28... a5 {might work better.} 29. Be6 Qa8) 29. Re7 Rc7 30. Rd3 Re8 31. Re6 Qb5 32. Rde3 Rf8 33. Qd3 Qxd3 34. Rxd3 Rfc8 35. Ree3 Nb6 36. Be6 Rf8 37. Bf2 Nc4 38. Rf3 Ne4 39. Bd4 a5 40. bxa5 Nb2 41. Rde3 Nd2 42. Rg3 {[%emt 0:00:01] and Rg6 would now be decisive} Ndc4 {[%emt 0:00:05] [#]} 43. Rxg7 $1 Rxg7+ 44. Rg3 {[%emt 0:00:00] Weighted Error Value: White=0.24 (precise) /Black=0.57  Mistake:       	---       	Black=4      Inaccurate:     	White=1     	Black=4      OK:         	White=9     	Black=11     Best:        	White=4     	---} 1-0

[Event "CCT Chessable Masters Playoffs 2025"]
[Site "Online"]
[Date "2025.02.19"]
[Round "52"]
[White "Duda, Jan-Krzysztof"]
[Black "Wei, Yi"]
[Result "1-0"]
[Annotator "TA"]
[ECO "A21"]
[WhiteElo "2739"]
[BlackElo "2755"]
[PlyCount "103"]
[EventDate "2025.02.13"]
[EventType "k.o."]
[EventCountry "NET"]
[SourceTitle "playchess.com"]
[Source "ChessBase"]
[SourceQuality "1"]
[TimeControl "600"]

1. c4 e5 2. Nc3 Bb4 3. Nd5 a5 4. Nf3 d6 5. a3 Bc5 6. e3 {[%emt 0:00:06] A21: English Opening: 1...e5 2 Nc3.} c6 7. Nc3 Nd7 8. d4 {[%emt 0:00:01] The position is equal.} Ba7 9. Be2 Ngf6 10. O-O {[%emt 0:00:06] 10.b4 is more advanced technology.} O-O 11. b3 Re8 12. Bb2 $5 $146 {[%emt 0:00:01][%mdl 8] New and interesting.} (12. b4 e4 13. Nd2 d5 14. bxa5 Bb8 15. Nb3 Nf8 16. cxd5 cxd5 17. Nc5 Rxa5 18. a4 {0-1 Zvjaginsev,V (2674)-Esipenko,A (2592) Lindores Abbey Blitz Tal Memorial 2021 (17.15)}) 12... e4 13. Nd2 d5 14. Qc2 Bb8 15. Rfc1 Nf8 16. Qd1 Ng6 17. cxd5 cxd5 18. Rc2 h5 19. Bxh5 Nxh5 20. Qxh5 Be6 (20... Ne7 $1 $11) 21. Rac1 (21. f3 $16) 21... Qd7 (21... Ne7 $11) 22. Na4 $16 Qd6 {[%emt 0:01:28] Wards off Nb6} 23. Nc5 Ne7 (23... b6 $16) 24. Nxb7 $18 Qb6 25. Nc5 Bf5 26. Nf1 Bg6 27. Qe2 Bd6 28. a4 Nf5 29. Qb5 (29. Nd2 $18) 29... Qa7 (29... Qxb5 $16 30. axb5 Rab8) 30. Ng3 Rab8 31. Qe2 Nxg3 32. fxg3 Qe7 33. Qg4 Red8 34. Bc3 Ra8 35. Be1 Ra7 36. Qh4 Qe8 37. g4 Be7 38. Qh3 f6 $2 (38... Rc8 {is more resistant.} 39. Bh4 f6) 39. Bg3 (39. Ne6 $142) 39... Kf7 40. Bf4 Qh8 (40... Rc8 {was called for.} 41. g5 Rc6) 41. Qg3 Rc8 42. g5 f5 $2 {[%emt 0:00:03] [#]} (42... Qh5 43. h3 Kg8) 43. Nd7 $1 {[%emt 0:00:02][%mdl 512] White is clearly winning.} Rxc2 44. Ne5+ Ke6 (44... Kg8 $142 45. Rxc2 Qh5 46. Rc8+ Kh7) 45. Rxc2 Be8 {[%emt 0:00:01] Dodges Rc6+} 46. Rc8 Qh5 47. h3 Bd6 48. Kh2 {[%emt 0:00:05] Strongly threatening Nc6.} Rc7 49. Rxc7 Bxc7 50. Qe1 g6 (50... Bxe5 $142 51. dxe5 d4 52. exd4 (52. Qxa5 dxe3 53. Qb6+ Kf7 $18) 52... e3 53. Qxa5 (53. Qxe3 Qd1 $18) (53. Bxe3 Bc6 $18) 53... Qd1) 51. Qc3 Qh7 {[%emt 0:00:04] [#]} 52. Nxg6 $1 {[%emt 0:00:04][%mdl 512] Weighted Error Value: White=0.50/Black=0.73  Mistake:       	White=3     	Black=9      Inaccurate:     	---       	Black=1      OK:         	White=11    	Black=16     Best:        	White=5     	Black=1} 1-0

[Event "CCT Chessable Masters Playoffs 2025"]
[Site "Online"]
[Date "2025.02.19"]
[Round "52"]
[White "Giri, Anish"]
[Black "Yu, Yangyi"]
[Result "1/2-1/2"]
[Annotator "TA"]
[ECO "A14"]
[WhiteElo "2728"]
[BlackElo "2715"]
[PlyCount "88"]
[EventDate "2025.02.13"]
[EventType "k.o."]
[EventCountry "NET"]
[SourceTitle "playchess.com"]
[Source "ChessBase"]
[SourceQuality "1"]
[TimeControl "600"]

1. c4 e6 2. g3 d5 3. Bg2 Nf6 4. Nf3 Be7 5. O-O O-O 6. b3 c5 7. d3 Nc6 8. e3 b6 9. Bb2 Bb7 10. Nc3 Qd7 11. cxd5 {[%emt 0:00:20] A14: English Opening: 1...e6 with b3 by White.} Nxd5 12. Nxd5 Qxd5 {[%emt 0:00:42] [#]} 13. Ne5 $1 {[%emt 0:01:04] The position is equal.} Qd6 14. Nc4 Qd8 $146 (14... Qd7 15. Qg4 g6 16. Rfd1 Rad8 17. d4 cxd4 18. exd4 Nb4 19. Ne5 Qc8 20. Rac1 Qa8 21. Bxb7 Qxb7 {½-½ Ni,H (2662)-Xiu,D (2519) CHN-ch Prelim rap 1st rapid 2011 (8)}) 15. Qe2 Rb8 16. Rfd1 Bf6 17. Rac1 Bxb2 18. Qxb2 Qe7 19. Qa3 e5 20. Qb2 Rfe8 21. a3 h6 22. h4 Nd8 23. b4 Bxg2 24. Kxg2 Nb7 25. Nd2 Rbc8 26. Qb3 Red8 27. Nf3 e4 28. dxe4 Qxe4 29. Rc4 Qe6 30. Rxd8+ Rxd8 31. Qc2 Nd6 32. Rf4 c4 33. a4 (33. Rd4 $5) 33... Rc8 34. e4 (34. b5 {with more complications.} c3 35. Kf1 Rc4 36. Rd4) 34... Nb7 (34... c3 $15 35. e5 Qg6 36. Qxg6 fxg6) 35. Nd4 $11 Qe5 36. Nf3 Qe6 37. Qc3 a5 38. bxa5 Nxa5 39. Nh2 (39. Nd4 $11 Qe5 40. Nb5) 39... Rd8 {[%emt 0:00:12] aiming for ...Rd3.} 40. Rg4 $2 {[%emt 0:00:17][%mdl 8192] Loses the game.} (40. Nf3 $1 $15) 40... f6 $19 41. Rf4 {[%emt 0:00:07] [#]} Rd3 {[%emt 0:00:02] Inhibits Nf3.} 42. Qc2 (42. Qb2 {only move.}) 42... Nc6 43. Ng4 $2 (43. Nf3 Nb4 44. Qb2) 43... Nd4 44. Qb1 Ne2 {[%emt 0:00:04][%mdl 32768] Weighted Error Value: White=0.56/Black=0.08 (flawless)  An unexpected result.  Loses game:     	White=1     	---        Mistake:       	White=3     	Black=1      Inaccurate:     	White=1     	---        OK:         	White=10    	Black=16     Best:        	---       	Black=2} 1/2-1/2